 Dungeon Crawl Stone Soup version 0.31.0-32-g396128a36d (webtiles) character file.

Game seed: 6022469024700845884

1579 mainiacjoe the Arsonist (level 8, -14/53 HPs)
             Began as an Octopode Fire Elementalist on Mar 19, 2024.
             Was an Initiate of Sif Muna.
             Killed by an exploding Pikel (29 damage)
             ... ignited by their inner flame
             ... on level 6 of the Dungeon.
             The game lasted 00:20:48 (6923 turns).

mainiacjoe the Arsonist (OpFE)                      Turns: 6923, Time: 00:20:49

Health: -14/53     AC:  3    Str: 13    XL:     8   Next: 91%
Magic:  0/12       EV: 15    Int: 19    God:    Sif Muna [......]
Gold:   184        SH:  0    Dex: 19    Spells: 4/13 levels left

rFire   . . .        a - +0 short sword (freeze)
rCold   . . .        (no shield)
rNeg    . . .        d - +2 hat {Stlth+}
rPois   .            (no amulet)
rElec   .            i - +6 ring of strength
rCorr   .            p - +6 ring of dexterity
SInv    .            (no ring)
Will    .....        (no ring)
Stlth   +++++        (no ring)
HPRegen 0.28/turn    (no ring)
MPRegen 0.13/turn    (no ring)
                     (no ring)

%: no passive effects
@: very slightly contaminated
A: almost no armour, amphibious, 8 rings, camouflage 1, gelatinous body 1,
(nimble swimmer 1), tentacles
a: Renounce Religion


You were on level 6 of the Dungeon.
You worshipped Sif Muna.
Sif Muna was noncommittal.
You visited 2 branches of the dungeon, and saw 7 of its levels.

You collected 184 gold pieces.

Inventory:

Hand Weapons
 a - a +0 short sword of freezing (weapon)
 b - the +3 longbow of Disorder {heavy, SInv}
   (You found it on level 2 of the Dungeon)

   SInv:      It lets you see invisible.
 c - a +0 short sword
 g - a +0 sling
 w - the +2 mace of the Horn {chaos, rElec rF++ Str-4 Dex+8}
   (You found it on level 4 of the Dungeon)

   Str-4:     It affects your strength (-4).
   Dex+8:     It affects your dexterity (+8).
   rF++:      It greatly protects you from fire.
   rElec:     It insulates you from electricity.
 A - the +3 whip of Soisoda {drain, *Rage rC+ rN+ Will+}
   (You took it off a gnoll on level 5 of the Dungeon)

   rC+:       It protects you from cold.
   rN+:       It protects you from negative energy.
   Will+:     It increases your willpower.
   *Rage:     It berserks you when you make melee attacks (+20% chance).
Missiles
 h - 66 stones
 x - 7 boomerangs
 B - 4 poisoned darts
Armour
 d - a +2 hat of stealth (worn)
 o - an orb of wrath
Magical Staves
 t - a staff of earth
Jewellery
 i - a +6 ring of strength (left tentacle)
 p - a +6 ring of dexterity (right tentacle)
 C - a ring of ice
Wands
 m - a wand of flame (34)
 y - a wand of roots (4)
Scrolls
 f - 2 scrolls of teleportation
 n - a scroll of torment
 q - 2 scrolls of immolation
 v - a scroll of vulnerability
Potions
 e - a potion of magic
 j - a potion of haste
 k - 2 potions of curing {unknown}
 l - a potion of enlightenment {unknown}
 r - a potion of cancellation {unknown}
 s - a potion of heal wounds {unknown}
 u - a potion of lignification
 z - 2 potions of brilliance {unknown}


   Skills:
 + Level 3.6 Fighting
 + Level 4.2 Dodging
 - Level 6.0 Stealth
 - Level 3.0 Spellcasting
 - Level 1.0 Conjurations
 - Level 2.0 Hexes
 - Level 2.0 Translocations
 - Level 8.0 Fire Magic
 + Level 1.4 Invocations


You had 4 spell levels left.
You knew the following spells:

 Your Spells              Type           Power      Damage    Failure   Level
a - Foxfire               Conj/Fire      76%        2x1d7     2%          1
b - Scorch                Fire           66%        2d7       1%          2
c - Inner Flame           Hex/Fire       21%        N/A       6%          3
d - Volatile Blastmotes   Fire/Tloc      42%        2d13      6%          3

Your spell library contained the following spells:

 Spells                   Type           Power      Damage    Failure   Level
 Flame Wave               Conj/Fire      19%        2d7       24%         4


Dungeon Overview and Level Annotations

Branches:
Dungeon (6/15)             Temple (1/1) D:5

Altars:
Ashenzari
Cheibriados
Elyvilon
Fedhas
Hepliaklqana
Makhleb
Okawaru
Qazlal
Ru
Sif Muna
Vehumet
Wu Jian
Xom
Yredelemnul
Zin
The Shining One

Annotations:
D:2 1 runed translucent door, Crazy Yiuf


Innate Abilities, Weirdness & Mutations

You cannot wear most types of armour.
You are amphibious.
You can wear up to eight rings at the same time.
Your skin changes colour to match your surroundings (Stealth+).
Your rubbery body absorbs attacks. (AC +1, EV +1)
((You are camouflaged when in or above water. (Stealth+)))
You have tentacles for arms and can constrict up to eight enemies at once.


Message History

The lemure closely misses you.
Casting: Scorch (safe; 1% risk of failure)
Confirm with . or Enter, or press ? or * to list all spells.
Flames lash the lemure.
The lemure is burned terribly!
You kill the lemure!
That felt strangely unrewarding.
The lemure hits you! Pikel closely misses you.
Casting: Scorch (safe; 1% risk of failure)
Confirm with . or Enter, or press ? or * to list all spells.
You don't have enough magic to cast this spell.
Unknown command.
Casting: Scorch (safe; 1% risk of failure)
Confirm with . or Enter, or press ? or * to list all spells.
You don't have enough magic to cast this spell.
Unknown command.
You miss Pikel. You grab Pikel.
Pikel is moderately wounded.
You constrict Pikel, but do no damage. Pikel barely misses you.
The lemure hits you.
You hit Pikel but do no damage.
Pikel is moderately wounded.
You constrict Pikel.
Flame seeps out of Pikel.
The lemure hits you!
* * * LOW HITPOINT WARNING * * *
Pikel is engulfed in blazing flames.
Flame seeps out of Pikel.
Pikel barely misses you.
You hit Pikel but do no damage.
Pikel is heavily wounded.
You constrict Pikel, but do no damage.
Pikel is engulfed in blazing flames.
Flame seeps out of Pikel.
Pikel closely misses you. The lemure hits you but does no damage.
You hit Pikel but do no damage.
Pikel is almost dead.
You constrict Pikel.
Flame seeps out of Pikel.
Pikel is engulfed in blazing flames.
Sif Muna accepts your kill.
With Pikel's spell broken, his former minion thanks you for its freedom.
The lemure departs this earthly plane.
Pikel explodes!
The fiery explosion engulfs you!!
Ouch! That really hurt!
You die...

#.......# #.......#
#####+#.......#
#.............#
+.............#
...####.§§..........+
.......@°§..........#
.......§§§...<$.....#
.......######.......#
....... #.......#
...#### +.......# ..
#.......# . ##......#
#......# #......#


There were no monsters in sight!

Vanquished Creatures
  Pikel (D:6)
  Grinder (D:5)
  A sky beast (D:4)
  3 lemures (D:6)
  A phantom (D:5)
  A gnoll sergeant (D:5)
  2 scorpions
  A bombardier beetle (D:3)
  2 hounds
  11 orc priests
  A gnoll bouda (D:5)
  A sleepcap (D:5)
  Jessica (D:2)
  3 iguanas
  Ijyb (D:5)
  4 orc wizards (D:5)
  12 gnolls
  9 adders
  2 ufetubi (D:5)
  A ribbon worm (D:5)
  4 dart slugs
  15 orcs
  8 ball pythons
  5 bats
  6 endoplasms
  6 giant cockroaches
  7 goblins
  4 hobgoblins
  7 jackals
  9 kobolds
  2 quokkas
  6 frilled lizards
  5 rats
  2 butterflies (D:5)
145 creatures vanquished.

Vanquished Creatures (others)
  5 dream sheep (D:4)
  105 foxfires
110 creatures vanquished.

Grand Total: 255 creatures vanquished

Notes
Turn   | Place    | Note
-------+----------+-------------------------------------------
     0 | D:1      | mainiacjoe the Octopode Fire Elementalist began the quest
                  | for the Orb.
     0 | D:1      | Reached XP level 1. HP: 11/11 MP: 3/3
   273 | D:1      | Reached XP level 2. HP: 17/17 MP: 1/5
   276 | D:1      | Learned a level 2 spell: Scorch
   714 | D:1      | Reached XP level 3. HP: 16/21 MP: 2/6
   920 | D:1      | Found a faded altar of an unknown god.
  1709 | D:2      | Reached skill level 4 in Fire Magic
  1709 | D:2      | Reached XP level 4. HP: 27/27 MP: 4/7
  1755 | D:2      | Identified the +3 longbow of Disorder {heavy, SInv}
  1934 | D:2      | Noticed Jessica
  1939 | D:2      | Killed Jessica
  2317 | D:2      | Found a runed translucent door.
  2318 | D:2      | Noticed Crazy Yiuf
  2494 | D:3      | Reached XP level 5. HP: 16/31 MP: 9/9
  2630 | D:3      | Reached skill level 5 in Fire Magic
  3170 | D:3      | Reached XP level 6. HP: 36/36 MP: 7/10
  3174 | D:3      | Learned a level 3 spell: Inner Flame
  3178 | D:3      | Learned a level 3 spell: Volatile Blastmotes
  3405 | D:4      | Reached skill level 1 in Hexes
  3405 | D:4      | Reached skill level 1 in Translocations
  3405 | D:4      | Reached skill level 6 in Fire Magic
  3752 | D:4      | Reached XP level 7. HP: 11/41 MP: 5/11
  4390 | D:4      | Reached skill level 5 in Stealth
  4440 | D:4      | Found a stormy altar of Qazlal.
  4647 | D:4      | Identified the +2 mace of the Horn {chaos, rElec rF++ Str-4
                  | Dex+8}
  4656 | D:4      | Identified a scroll of acquirement
  4656 | D:4      | Acquired a +1 hat of stealth
  4764 | D:4      | Noticed a dream sheep
  4764 | D:4      | Noticed a dream sheep
  4764 | D:4      | Noticed a dream sheep
  4764 | D:4      | Noticed a dream sheep
  4764 | D:4      | Noticed a dream sheep
  4764 | D:4      | Found a shimmering altar of Xom.
  4767 | D:4      | Killed a dream sheep
  4767 | D:4      | Killed a dream sheep
  4767 | D:4      | Killed a dream sheep
  4768 | D:4      | Killed a dream sheep
  4768 | D:4      | Killed a dream sheep
  4892 | D:5      | Entered Level 5 of the Dungeon
  4972 | D:5      | Reached skill level 7 in Fire Magic
  5001 | D:5      | Noticed Ijyb
  5004 | D:5      | Killed Ijyb
  5005 | D:5      | Reached XP level 8. HP: 40/46 MP: 12/12
  5038 | D:5      | Noticed Grinder
  5184 | D:5      | Reached skill level 8 in Fire Magic
  5516 | D:5      | Reached skill level 1 in Fighting
  5720 | D:5      | Identified the +3 whip of Soisoda {drain, *Rage rC+ rN+
                  | Will+}
  5908 | D:5      | Found a staircase to the Ecumenical Temple.
  5910 | D:5      | Killed Grinder
  5943 | Temple   | Entered the Ecumenical Temple
  5980 | Temple   | Became a worshipper of Sif Muna the Loreminder
  6597 | D:5      | Reached skill level 1 in Invocations
  6900 | D:6      | Noticed Pikel
  6923 | D:6      | Killed Pikel
  6923 | D:6      | Killed by an exploding Pikel... ignited by their inner
                  | flame

Illustrated notes

Levels and vault maps discovered:
D:1:      scummos_arrival_star, layout_loops_ring, basic_ecumenical_altar
D:2:      minmay_door_path, layout_loops_ring, serial_aquarium,
          aquarium_bridge_straight [aquarium_subvault_bridge,
          aquarium_subvault_wall, aquarium_subvault_bridge,
          aquarium_subvault_balcony], aquarium_window_2, aquarium_window_fake,
          aquarium_window_2, aquarium_view_2a, aquarium_balcony_5a,
          uniq_jessica, uniq_crazy_yiuf_cottage
D:3:      cheibrodos_old_hovel, layout_loops_ring
D:4:      layout_layer_cave, kb_xom_exploding_sheep,
          nicolae_qazlal_beasts_of_the_sky
D:5:      layout_basic, minmay_temple_entry_butterflies,
          nicolae_nh_ransacked_shop, uniq_grinder, uniq_ijyb
D:6:      layout_gridville, grunt_temple_overflow_open, uniq_jeremiah,
          uniq_pikel
Temple:   nicolae_temple_bog_church

Skill      XL: |  1  2  3  4  5  6  7  8 |
---------------+-------------------------+-----
Stealth        | 3 4 6 |  6.0
Fire Magic     | 4 5 6 7 8 |  8.0
Spellcasting   | 3 |  3.0
Hexes          | 2 |  2.0
Translocations | 2 |  2.0
Fighting       | 3 |  3.6
Dodging        | 4 |  4.2
Invocations    | 1 |  1.4
Conjurations   | |  1.0

Action                     |  1- 3 |  4- 6 |  7- 9 || total
---------------------------+-------+-------+-------++-------
  Melee: Unarmed           |     4 |       |       ||     4
         Constrict         |     7 |     3 |     6 ||    16
         Short sword       |    22 |     7 |    30 ||    59
         Tentacles         |     5 |     1 |     4 ||    10
         Punch             |       |       |     1 ||     1
   Fire: Longbow           |       |    30 |    68 ||    98
   Cast: Foxfire           |    40 |    12 |    12 ||    64
         Scorch            |     8 |    18 |    52 ||    78
         Inner Flame       |       |       |     5 ||     5
  Evoke: Wand              |       |       |     3 ||     3
    Use: Scroll            |     6 |     1 |     9 ||    16
         Potion            |       |       |     1 ||     1
   Stab: Sleeping          |     2 |       |     3 ||     5
 Armour: Skin              |    17 |     8 |    64 ||    89
  Dodge: Dodged            |    30 |     9 |    59 ||    98
